Map: [ESL] Berlingrad

Players

uThermal

  • Race: Terran Terran

ByuN - Winner!

  • Race: Terran Terran

Event: IEM Katowice 2022

VOD

Have the link to the VOD?

Description

Time

  • Played on: Feb. 23, 2022, 11:11 a.m.
  • Length: 8:42

All games in this series

Show
View Real Time Build Order
Export as new Build Order

uThermal Terran 

Build Orders:  

Get SALT Encoding   

  12  0:00  SCV  
  13  0:12  SCV  
  14  0:17  Supply Depot  
  14  0:24  SCV  
  15  0:38  SCV  
  15  0:40  Barracks  
  16  0:43  Refinery  
  16  0:50  SCV  
  17  0:58  Barracks  
  17  1:02  SCV  
  18  1:09  Refinery  
  18  1:14  SCV  
  19  1:28  Reaper  
  19  1:30  Supply Depot  
  20  1:39  Orbital Command  
  20  1:45  Reaper  
  21  2:00  Reaper  
  22  2:05  SCV  
  22  2:07  Factory  
  23  2:17  SCV  
  23  2:18  Reaper  
  25  2:24  Supply Depot  
  25  2:29  SCV  
  26  2:32  Reaper  
  27  2:41  SCV  
  28  2:51  Hellion  
  30  2:52  Reaper  
  32  3:04  Command Center  
  31  3:06  Reaper  
  31  3:12  Hellion  
  32  3:32  Reaper  
  32  3:34  SCV, Hellion  
  34  3:37  Starport  
  34  3:46  SCV  
  34  3:50  Barracks Reactor  
  34  3:56  Factory Tech Lab  
  34  3:58  SCV  
  35  4:03  Marine  
  35  4:10  SCV  
  33  4:19  Orbital Command  
  33  4:22  SCV  
  32  4:25  Factory Tech Lab, Refinery  
  32  4:26  Raven, Marine  
  32  4:27  Marine  
  36  4:34  SCV  
  36  4:39  Command Center  
  36  4:44  SCV  
  37  4:46  SCV  
  37  4:47  Cyclone  
  37  4:48  Marine  
  42  4:54  Marine  
  42  4:55  Marine  
  42  4:56  SCV  
  42  4:58  SCV  
  46  5:02  Supply Depot  
  46  5:08  SCV  
  46  5:09  Raven  
  46  5:12  Marine x3  
  52  5:16  SCV  
  52  5:23  SCV  
  52  5:27  Siege Tank  
  55  5:28  SCV  
  55  5:30  Supply Depot  
  56  5:38  Marine x2  
  56  5:39  SCV  
  56  5:40  Supply Depot  
  61  5:42  SCV  
  61  5:51  SCV  
  61  5:53  Orbital Command  
  61  5:55  SCV  
  62  5:58  Barracks  
  62  6:00  Starport Reactor  
  62  6:03  SCV, Siege Tank  
  66  6:05  Marine  
  66  6:07  SCV  
  66  6:13  Marine  
  66  6:15  SCV  
  66  6:16  Marine  
  69  6:19  SCV  
  63  6:32  Marine x2  
  56  6:33  SCV  
  56  6:38  Stimpack  
  54  6:40  Siege Tank  
  54  6:44  Starport Reactor  
  57  6:47  SCV  
  57  6:50  Marine x2  
  57  6:51  SCV  
  57  6:52  Marine  
  57  6:53  Marine  
  62  6:56  SCV  
  62  6:59  SCV, Refinery, Marine  
  65  7:03  SCV  
  66  7:09  SCV  
  66  7:12  Marine, Siege Tank  
  66  7:13  Supply Depot  
  66  7:15  Marine  
  71  7:17  SCV  
  71  7:21  Supply Depot, Medivac  
  74  7:28  Marine, Medivac  
  74  7:29  Marine  
  77  7:31  Marine  
  77  7:32  Marine  
  77  7:33  Supply Depot, Marine  
  80  7:43  Supply Depot  
  80  7:44  Siege Tank  
  80  7:46  Marine  
  80  7:51  Medivac  
  83  7:52  Marine  
  83  7:56  Engineering Bay x2, Marine  
  83  7:58  Medivac  
  88  8:01  Marine  
  88  8:04  Marine  
  90  8:08  Supply Depot  
  87  8:14  Marine  
  87  8:16  SCV x2  
  87  8:19  Marine  
  93  8:21  Marine  
  93  8:25  Supply Depot  
Show
View Real Time Build Order
Export as new Build Order

ByuN Terran - Winner!

Build Orders:  

Get SALT Encoding   

  12  0:00  SCV  
  13  0:12  SCV  
  14  0:16  Supply Depot  
  14  0:24  SCV  
  15  0:38  SCV  
  15  0:39  Barracks  
  16  0:43  Refinery  
  16  0:50  SCV  
  16  0:53  Refinery  
  17  1:02  SCV  
  18  1:14  SCV  
  19  1:26  Reaper  
  19  1:27  Orbital Command  
  19  1:30  Supply Depot  
  20  1:42  Factory  
  20  1:52  SCV  
  21  1:58  Reaper  
  22  2:05  SCV  
  23  2:17  SCV  
  23  2:21  Command Center  
  24  2:28  Hellion  
  24  2:29  SCV  
  27  2:32  Barracks Reactor  
  27  2:41  Starport  
  26  2:44  SCV  
  29  2:51  Hellion  
  29  2:55  Supply Depot  
  30  2:58  SCV  
  30  3:10  Marine  
  31  3:16  Marine  
  31  3:17  SCV, Hellion  
  33  3:28  Marine  
  33  3:29  SCV  
  33  3:32  Starport Tech Lab  
  33  3:34  Marine  
  33  3:41  SCV, Factory Tech Lab  
  35  3:47  Orbital Command  
  33  3:49  Refinery, Marine  
  33  3:52  Marine  
  33  3:53  SCV  
  33  3:55  Raven  
  38  4:02  Cyclone  
  41  4:07  SCV  
  39  4:11  Marine  
  39  4:14  SCV  
  41  4:20  SCV  
  41  4:21  Marine  
  41  4:26  SCV  
  41  4:29  Marine  
  43  4:32  Supply Depot, SCV  
  43  4:38  SCV  
  45  4:40  Siege Tank  
  45  4:43  Raven  
  51  4:45  SCV  
  51  4:48  Marine  
  51  4:50  Marine  
  53  4:58  SCV x2  
  53  4:59  Supply Depot  
  55  5:09  Marine x2  
  55  5:10  SCV x2  
  55  5:13  Supply Depot  
  59  5:19  Siege Tank  
  62  5:22  SCV x2  
  62  5:26  Raven  
  66  5:30  Supply Depot  
  66  5:34  SCV x2  
  68  5:35  Marine  
  68  5:36  Marine  
  68  5:39  Command Center  
  70  5:46  SCV x2  
  70  5:48  Refinery  
  72  5:52  Siege Tank  
  72  5:55  Marine x2  
  77  6:01  SCV x2  
  79  6:11  Barracks  
  79  6:13  SCV x2, Barracks  
  81  6:25  SCV  
  81  6:26  SCV  
  75  6:37  SCV  
  75  6:38  SCV  
  75  6:39  Engineering Bay  
  77  6:40  Engineering Bay  
  77  6:42  Marine  
  77  6:43  Viking x2, Stimpack  
  77  6:45  Siege Tank  
  85  6:49  Supply Depot  
  85  6:54  SCV x2  
  87  7:05  Barracks Reactor x2, Marine  
  88  7:13  Viking, Orbital Command  
  90  7:16  SCV  
  90  7:17  Siege Tank  
  90  7:18  SCV  
  95  7:24  Marine  
  95  7:29  SCV  
  97  7:30  SCV  
  98  7:40  SCV, Marine  
  98  7:41  SCV, Marine x3  
  98  7:42  SCV  
  105  7:50  Siege Tank  
  105  7:52  SCV  
  105  7:53  SCV, Marine  
  105  7:57  Refinery  
  105  7:58  Refinery, Marine x2  
  108  7:59  Marine, Sensor Tower  
  108  8:00  Supply Depot  
  108  8:01  SCV, Barracks  
  108  8:03  Barracks  
  108  8:04  SCV  
  113  8:09  Medivac  
  113  8:11  Marine x2  
  117  8:21  Marine x2  
  117  8:22  Missile Turret, SCV  
  117  8:23  SCV x2  
  125  8:32  Armory  
  125  8:35  Supply Depot  
  125  8:38  Supply Depot  

Tags
 
Add a new tag
Caveats
  • Supply blocks, unpowered buildings, or Contaminate may cause inaccurate times.
  • Supply counts are checked every 10 seconds.